 Dungeon Crawl Stone Soup version 0.31.0-9-g3a7656b989 (webtiles) character file.

Game seed: 10539028196328890178

8 Colgate the Shooter (level 2, 22/22 HPs)
             Began as a Demonspawn Hunter on Feb 6, 2024.
             Quit the game on level 1 of the Dungeon.
             The game lasted 00:00:15 (51 turns).

Colgate the Shooter (Demonspawn Hunter)               Turns: 51, Time: 00:00:15

Health: 22/22      AC:  3    Str: 11    XL:     2   Next: 0%
Magic:  2/2        EV: 11    Int:  9    God:
Gold:   0          SH:  4    Dex: 16    Spells: 1/1 levels left

rFire   . . .        a - +0 shortbow
rCold   . . .        (shield currently unavailable)
rNeg    . . .        c - +0 leather armour
rPois   .            (no helmet)
rElec   .            (no cloak)
rCorr   .            (no gloves)
SInv    .            (no boots)
Will    .....        (no amulet)
Stlth   +            (no ring)
HPRegen 0.23/turn    (no ring)
MPRegen 0.08/turn

%: no passive effects
@: no status effects
A: large bone plates 1
a: no special abilities


You were on level 1 of the Dungeon.
You visited 1 branch of the dungeon, and saw 1 of its levels.

Inventory:

Hand Weapons
 a - a +0 shortbow (weapon)
Armour
 c - a +0 leather armour (worn)
Scrolls
 b - a scroll of butterflies


   Skills:
 - Level 2.0 Fighting
 + Level 4.0 Ranged Weapons
 - Level 1.7 Dodging
 - Level 0.8 Stealth


You had one spell level left.
You didn't know any spells.
Your spell library was empty.

Dungeon Overview and Level Annotations

Branches:
Dungeon (1/15)

Altars:

Shops:
D:1 *


Innate Abilities, Weirdness & Mutations

You are partially covered in large bone plates. (SH +4)


Message History

Your line of fire to the goblin is blocked by a plant.
A goblin is nearby!
Your line of fire to the goblin is blocked by a plant.
A goblin is nearby!
Your line of fire to the goblin is blocked by a plant.
A goblin is nearby!
Your line of fire to the goblin is blocked by a plant.
A goblin is nearby!
Your line of fire to the goblin is blocked by a plant.
A goblin is nearby!
Your line of fire to the goblin is blocked by a plant.
A goblin is nearby!
Your line of fire to the goblin is blocked by a plant.
A goblin is nearby!
Your line of fire to the goblin is blocked by a plant.
A goblin is nearby!
Your line of fire to the goblin is blocked by a plant.
A goblin is nearby!
Your line of fire to the goblin is blocked by a plant.
A goblin is nearby!
Found Jucsias's Assorted Antiques.
The goblin shouts!
A ball python comes into view.
The ball python hisses angrily.
You shoot an arrow. The arrow hits the ball python.
You kill the ball python!
Your Ranged Weapons skill increases to level 4!
A goblin is nearby!
You shoot an arrow. The arrow hits the goblin.
A goblin is nearby!
You shoot an arrow. The arrow barely misses the goblin.
A goblin is nearby!
You shoot an arrow. The arrow closely misses the goblin.
A goblin is nearby!
You shoot an arrow. The arrow hits the goblin.
You kill the goblin!
You have reached level 2!
Your demonic ancestry asserts itself...
Large bone plates grow over parts of your arms.
Are you sure you want to abandon this character and quit the game? (Confirm with "yes".)

#......##
#!PPP...#####
#..∩P........
#.P.P........
##########............
........##..#.........
.........# #..........
..........####..)..#
................@###
.................#
.................#
..........####......
..........##########
........>.##.....##
..........#...<...#
..........##.((..##
.....)....####'###


There were no monsters in sight!

Vanquished Creatures
  A ball python (D:1)
  2 goblins (D:1)
  A hobgoblin (D:1)
  A kobold (D:1)
  2 rats (D:1)
7 creatures vanquished.

Notes
Turn   | Place    | Note
-------+----------+-------------------------------------------
     0 | D:1      | Colgate the Demonspawn Hunter began the quest for the Orb.
     0 | D:1      | Reached XP level 1. HP: 16/16 MP: 1/1
    44 | D:1      | Found Jucsias's Assorted Antiques.
    47 | D:1      | Reached skill level 4 in Ranged Weapons
    51 | D:1      | Gained mutation: You are partially covered in large bone
                  | plates. (SH +4) [demonic ancestry]
    51 | D:1      | Reached XP level 2. HP: 22/22 MP: 2/2
    51 | D:1      | Quit the game

Illustrated notes

Levels and vault maps discovered:
D:1:      minmay_arrival_shattered_statue, layout_basic, serial_shops,
          nicolae_shop_overgrown_old_shop

Skill      XL: |  1 |
---------------+----+-----
Ranged Weapons | 4 |  4.0
Fighting       | |  2.0
Dodging        | |  1.7
Stealth        | |  0.8

Action                     || total
---------------------------++-------
   Fire: Shortbow          ||    15
  Dodge: Dodged            ||     1
